 Dungeon Crawl Stone Soup version 0.22-a0-135-g6f012ad (webtiles) character file.

231 Dirtyleaf the Chiller (level 6, -16/42 HPs)
             Began as a Human Ice Elementalist on Feb 1, 2018.
             Demolished by an ogre
             ... wielding a +0 giant club
              (23 damage)
             ... on level 6 of the Dungeon.
             The game lasted 00:39:19 (5859 turns).

Dirtyleaf the Chiller (Human Ice Elementalist)      Turns: 5859, Time: 00:39:19

Health: -16/42     AC:  4    Str:  9    XL:     6   Next: 24%
Magic:  7/11       EV: 13    Int: 16    God:
Gold:   113        SH:  0    Dex: 14    Spells: 5/12 levels left

rFire    . . .     SeeInvis .   v - +4 dagger (protect)
rCold    . . .     Gourm    .   (no shield)
rNeg     . . .     Faith    .   c - +0 robe
rPois    .         Spirit   .   (no helmet)
rElec    .         Reflect  .   (no cloak)
rCorr    .         Harm     .   f - +0 pair of gloves
MR       .....                  p - +0 pair of boots
Stlth    ++........             (no amulet)
HPRegen  0.14/turn              (no ring)
MPRegen  0.12/turn              (no ring)

@: no status effects
A: no striking features
a: no special abilities


You were on level 6 of the Dungeon.
You were hungry.

You visited 1 branch of the dungeon, and saw 4 of its levels.

You collected 113 gold pieces.

Inventory:

Hand Weapons
 d - a +0 short sword
 h - a +0 dagger
 j - a +0 dagger
 m - a +0 hand axe
 n - a +0 whip
 o - a +2 whip of draining
 t - a +0 dagger
 v - a +4 dagger of protection (weapon)
 A - a +0 flail
 D - a +0 hand axe
 G - a +0 dagger
 I - a +0 dagger
 L - a +0 quarterstaff
 M - a +0 hand crossbow
Missiles
 i - 47 arrows
 x - 20 bolts
Armour
 a - a +0 robe
 c - a +0 robe (worn)
 f - a +0 pair of gloves (worn)
 l - a +0 robe
 p - a +0 pair of boots (worn)
 q - a +0 leather armour
 r - a +0 ring mail
 w - a +0 robe
 y - a +0 robe
 B - a +0 chain mail of poison resistance
 C - a +0 robe
 E - a cursed +0 pair of gloves
 H - a +0 robe
 J - a +0 robe
 K - a +0 robe
Jewellery
 k - an uncursed amulet of inaccuracy
Wands
 z - a wand of digging (16)
Scrolls
 e - a scroll of remove curse
 s - a scroll of identify
 u - 2 scrolls of teleportation
Potions
 g - a potion of ambrosia
 F - a potion of degeneration
Books
 b - a book of Frost

   Spells                             Type                      Level
   a - Freeze                         Ice                          1
   b - Throw Frost                    Conjuration/Ice              2
   c - Ozocubu's Armour               Charms/Ice                   3
   d - Throw Icicle                   Conjuration/Ice              4
   e - Summon Ice Beast               Ice/Summoning                4


   Skills:
 + Level 0.4 Fighting
 + Level 0.5 Short Blades
 + Level 0.2 Maces & Flails
 + Level 2.4 Dodging
 + Level 2.6 Stealth
 + Level 3.8 Spellcasting
 + Level 1.9 Conjurations
 + Level 4.2 Ice Magic


You had 5 spell levels left.
You knew the following spells:

 Your Spells              Type           Power        Failure   Level  Hunger
a - Freeze                Ice            ###.         3%          1    None
b - Throw Frost           Conj/Ice       ##....       8%          2    ##.....
c - Throw Icicle          Conj/Ice       ##......     43%         4    ####...


Dungeon Overview and Level Annotations

Branches:
Dungeon (3/15)

Altars:

Shops:
D:6 =

Annotations:
D:6 Prince Ribbit


Message History

Found a runed short sword and a ration.
Found a stone staircase leading down.
A sky beast comes into view.
Casting: Freeze (safe; 3% risk of failure)
Confirm with . or Enter, or press ? or * to list all spells.
Aiming: Freeze (safe; 3% risk of failure)
Press: ? - help, Shift-Dir - straight line, f - ogre
Aim: an ogre, wielding a giant club You freeze the ogre.
The ogre is moderately wounded.
The ogre barely misses you.
Casting: Freeze (safe; 3% risk of failure)
Confirm with . or Enter, or press ? or * to list all spells.
Aiming: Freeze (safe; 3% risk of failure)
Press: ? - help, Shift-Dir - straight line, f/p - ogre
Aim: an ogre, wielding a giant club (moderately wounded)
You freeze the ogre.
The ogre is heavily wounded.
The ogre hits you with a giant club!!
Ouch! That really hurt!
You die...

#.#%# #.#.# #
##.#.# .# .....
.### #
#...#....
...##..Y#..####
..5...O.......>
#.)@# #...# ..#
#...# ...
...... ..#
#.##.## ... ..
..# #. .. ..


You could see a sky beast, an ogre and a crimson imp.

Vanquished Creatures
  2 orc wizards (D:6)
  Jessica (D:2)
  Terence (D:2)
  3 adders
  An ooze (D:3)
  2 worms
  3 dart slugs
  A leopard gecko (D:3)
  3 orcs
  2 giant cockroaches
  4 goblins
  8 hobgoblins
  6 jackals (D:1)
  4 kobolds
  10 bats
  3 frilled lizards
  A leopard gecko zombie (D:3)
  6 rats
61 creatures vanquished.

Vanquished Creatures (others)
  An orc wizard (D:6)
1 creature vanquished.

Grand Total: 62 creatures vanquished

Notes
Turn   | Place    | Note
-------+----------+-------------------------------------------
     0 | D:1      | Dirtyleaf the Human Ice Elementalist began the quest for the Orb.
     0 | D:1      | Reached XP level 1. HP: 13/13 MP: 3/3
   932 | D:1      | Reached XP level 2. HP: 15/19 MP: 3/5
  1627 | D:1      | Learned a level 2 spell: Throw Frost
  1695 | D:1      | Reached XP level 3. HP: 24/24 MP: 2/6
  3503 | D:2      | Noticed Jessica
  3518 | D:2      | Killed Jessica
  3518 | D:2      | Reached XP level 4. HP: 20/30 MP: 0/8
  3561 | D:2      | Noticed Terence
  3569 | D:2      | Killed Terence
  3797 | D:2      | Reached XP level 5. HP: 35/35 MP: 4/9
  4884 | D:3      | Learned a level 4 spell: Throw Icicle
  5515 | D:3      | You fall through a shaft for 3 floors!
  5615 | D:6      | Reached skill level 4 in Ice Magic
  5635 | D:6      | Reached XP level 6. HP: 27/42 MP: 2/11
  5842 | D:6      | Noticed Prince Ribbit
  5842 | D:6      | Found Gajualoe's Jewellery Shop.
  5857 | D:6      | Noticed an ogre
  5858 | D:6      | Noticed a sky beast
  5859 | D:6      | Demolished by an ogre

Vault maps used:
D:1:      sevenhm_arrival_forest_fort_small_5
D:2:      minmay_bisected, uniq_terence, uniq_jessica
D:3:      old_standard_altar, serial_undead, serial_undead_b, serial_undead_a,
          serial_undead_d, serial_undead_c, serial_undead_d, serial_undead_c,
          serial_undead_c, roderic_batcave
D:6:      serial_shops, nicolae_shop_behind_doors, shop, shop, shop, shop,
          uniq_prince_ribbit1, uniq_menkaure

Skill      XL: |  1  2  3  4  5 |
---------------+----------------+-----
Spellcasting   | 3 |  3.8
Ice Magic      | 4 |  4.2
Fighting       | |  0.4
Short Blades   | |  0.5
Maces & Flails | |  0.2
Dodging        | |  2.4
Stealth        | |  2.6
Conjurations   | |  1.9

Action                   |  1- 3 |  4- 6 || total
-------------------------+-------+-------++-------
Melee: Short sword       |    17 |       ||    17
       Whip              |    12 |     1 ||    13
       Dagger            |       |    36 ||    36
 Cast: Freeze            |    36 |    27 ||    63
       Throw Frost       |     9 |    33 ||    42
  Use: Potion            |     4 |     8 ||    12
       Scroll            |     6 |     3 ||     9
  Eat: Ration            |     3 |     2 ||     5
Armor: Robe              |    17 |    16 ||    33
Dodge: Dodged            |    50 |    37 ||    87

Table legend:
 A = Spawn XP
 B = Non-spawn XP
 C = Spawn XP percentage of total XP
 D = Spawn monster count
 E = Non-spawn monster count
 F = Spawn count percentage of total count
 G = Total turns spent on level
                    A         B        C        D         E        F      G
               +---------+---------+-------+---------+---------+-------+---------
         Total |       0 |     331 |   0.0 |       0 |      62 |   0.0 |  5859
               +---------+---------+-------+---------+---------+-------+---------
           D:1 |       0 |      45 |   0.0 |       0 |      23 |   0.0 |  3127
           D:2 |       0 |     125 |   0.0 |       0 |      17 |   0.0 |  1416
           D:3 |       0 |      51 |   0.0 |       0 |      17 |   0.0 |   972
           D:6 |       0 |     110 |   0.0 |       0 |       5 |   0.0 |   344
               +---------+---------+-------+---------+---------+-------+---------
